 Dungeon Crawl Stone Soup version 0.23-a0-163-g800ba1ec23 (webtiles) character file.

117 Jesh the Vexing (level 4, -1/21 HPs)
             Began as a Spriggan Enchanter on Sept 9, 2018.
             Slain by Grinder (5 damage)
             ... on level 2 of the Dungeon.
             The game lasted 00:09:12 (3494 turns).

Jesh the Vexing (Spriggan Enchanter)                Turns: 3494, Time: 00:09:12

Health: -1/21      AC:  6    Str:  8 (9)  XL:     4   Next: 71%
Magic:  3/12       EV: 18    Int: 19      God:
Gold:   92         SH:  0    Dex: 15 (16) Spells: 3/12 levels left

rFire    . . .     SeeInvis +   a - +1 dagger
rCold    . . .     Gourm    .   (shield restricted)
rNeg     . . .     Faith    .   b - +0 robe
rPois    .         Spirit   .   (helmet restricted)
rElec    .         Reflect  .   i - +0 cloak
rCorr    .         Harm     .   (gloves unavailable)
MR       .....                  (boots unavailable)
Stlth    +++.......             (no amulet)
HPRegen  0.07/turn              k - +3 ring of protection
MPRegen  0.13/turn              h - +5 ring of strength

@: very quick
A: very small, unfitting armour, talons 1, see invisible, clever 1, herbivore,
speed 3, high mp 1, slow metabolism 2
a: no special abilities


You were on level 2 of the Dungeon.
You were not hungry.

You visited 1 branch of the dungeon, and saw 3 of its levels.

You collected 92 gold pieces.

Inventory:

Hand Weapons
 a - a +1 dagger (weapon)
Armour
 b - a +0 robe (worn)
 f - a +0 buckler of protection
 i - a +0 cloak (worn)
Jewellery
 g - a +3 ring of evasion
 h - a +5 ring of strength (right hand)
 k - a +3 ring of protection (left hand)
Potions
 c - a potion of mutation
Comestibles
 d - 2 rations


   Skills:
 - Level 1.1 Short Blades
 - Level 3.0 Dodging
 + Level 4.5 Stealth
 - Level 4.7 Spellcasting
 - Level 5.3 Hexes


You had 3 spell levels left.
You knew the following spells:

 Your Spells              Type           Power        Failure   Level  Hunger
a - Ensorcelled Hibernat  Hex/Ice        ##....       6%          2    #......
b - Corona                Hex            ###....      1%          1    None
c - Confuse               Hex            ###.....     4%          3    ###....
d - Tukima's Dance        Hex            ###.....     4%          3    ###....

Your spell library contained the following spells:

 Spells                   Type           Power        Failure   Level  Hunger
 Confusing Touch          Hex            ###...       1%          1    None
 Animate Skeleton         Necr           N/A          13%         1    None
 Apportation              Tloc           #.....       13%         1    None
 Summon Small Mammal      Summ           #...         13%         1    None
 Dazzling Spray           Conj/Hex       ##....       13%         3    ###....


Dungeon Overview and Level Annotations

Branches:
Dungeon (3/15)

Altars:
Uskayaw

Annotations:
D:2 Grinder


Innate Abilities, Weirdness & Mutations

You are very small and have problems with some larger weapons.
You are too small for most types of armour.
You have supernaturally acute eyesight. (SInv)
You are a herbivore.
You cover ground extremely quickly.
You need to consume almost no food.
You have sharp toenails.
Your mind is acute. (Int +2)
You have an increased reservoir of magic. (+10% MP)


Message History

You hit Grinder but do no damage. You claw Grinder.
Grinder is moderately wounded.
Grinder gestures at you. You resist with some effort.
Unknown command.
You hit Grinder but do no damage. Your kick misses Grinder.
Grinder is moderately wounded.
Grinder misses you. Grinder hits you but does no damage.
There is a stone staircase leading down here.
You hit Grinder.
Grinder is moderately wounded.
Grinder hits you but does no damage.
You hit Grinder.
Grinder is heavily wounded.
Grinder misses you.
You closely miss Grinder.
Grinder is heavily wounded.
Grinder hits you.
You die...

.......## #######.. ........#
#.. ........# #.. ........###
##.. ..........######## #...
......#.#........## #.##
#.......#######...#### ##.##
##...#### #......# #...# ###.#
######.@.##.# #...# #.#
###......5###.# #...#
##.###.....###.# #.# #####....
##...##.....###.###.####........
#.....#......##.................
##...##......##........#........
#..###..........#..#..#####.#.#
#.######........#..#..# ##.###.
#.##.###.##........#..# #.## ##


You could see Grinder.

Vanquished Creatures
  2 orc wizards (D:3)
  An adder (D:2)
  A worm (D:2)
  3 leopard geckos (D:1)
  An orc (D:3)
  A ball python (D:1)
  8 bats
  A giant cockroach (D:3)
  2 goblins (D:3)
  10 hobgoblins
  7 jackals
  5 kobolds
  7 rats
49 creatures vanquished.

Vanquished Creatures (collateral kills)
  An orc (D:3)
1 creature vanquished.

Grand Total: 50 creatures vanquished

Notes
Turn   | Place    | Note
-------+----------+-------------------------------------------
     0 | D:1      | Jesh the Spriggan Enchanter began the quest for the Orb.
     0 | D:1      | Reached XP level 1. HP: 9/9 MP: 5/5
   499 | D:2      | Reached skill level 4 in Hexes
   499 | D:2      | Reached XP level 2. HP: 6/13 MP: 7/7
   526 | D:1      | Learned a level 2 spell: Ensorcelled Hibernation
  1281 | D:1      | Reached XP level 3. HP: 11/16 MP: 1/9
  2101 | D:2      | Learned a level 3 spell: Confuse
  2105 | D:2      | Learned a level 3 spell: Tukima's Dance
  2588 | D:3      | Noticed Grinder
  2595 | D:3      | Paralysed by Grinder for 7 turns
  2629 | D:3      | Found a hide-covered altar of Uskayaw.
  2632 | D:3      | Noticed a dagger
  2634 | D:3      | Noticed a dagger
  3192 | D:3      | Reached skill level 5 in Hexes
  3192 | D:3      | Reached XP level 4. HP: 21/21 MP: 6/11
  3473 | D:3      | Gained mutation: You have sharp toenails. [potion of
                  | mutation]
  3473 | D:3      | Gained mutation: You have an increased reservoir of magic.
                  | (+10% MP) [potion of mutation]
  3473 | D:3      | Gained mutation: Your mind is acute. (Int +2) [potion of
                  | mutation]
  3494 | D:2      | Slain by Grinder

Vault maps used:
D:1:      scummos_arrival_hexagon
D:3:      dancing_weapons_uskayaw, lemuel_crystal_altar, uniq_grinder

Skill      XL: |  1  2  3 |
---------------+----------+-----
Spellcasting   | 3 4 |  4.7
Hexes          | 4 5 |  5.3
Short Blades   | |  1.1
Dodging        | |  3.0
Stealth        | |  4.5

Action                   |  1- 3 |  4- 6 || total
-------------------------+-------+-------++-------
Melee: Dagger            |   165 |    37 ||   202
       Kick              |       |     1 ||     1
 Cast: Corona            |     4 |       ||     4
       Ensorcelled Hiber |    16 |    11 ||    27
       Confuse           |     5 |     1 ||     6
       Tukima's Dance    |       |     1 ||     1
  Use: Scroll            |     3 |     1 ||     4
       Potion            |     7 |     2 ||     9
 Stab: Sleeping          |    22 |     5 ||    27
       Distracted        |     1 |       ||     1
  Eat: Ration            |     1 |       ||     1
Armor: Robe              |    50 |    11 ||    61
Dodge: Dodged            |   299 |    29 ||   328

Table legend:
 A = Non-vault XP
 B = Vault XP
 C = Vault XP percentage of total XP
 D = Non-vault monster count
 E = Vault monster count
 F = Vault count percentage of total count
                 A         B        C        D         E       F
            +---------+---------+-------+---------+---------+-------
      Total |     168 |       0 |   0.0 |      50 |       0 |   0.0
            +---------+---------+-------+---------+---------+-------
        D:1 |      45 |       0 |   0.0 |      25 |       0 |   0.0
        D:2 |      36 |       0 |   0.0 |      13 |       0 |   0.0
        D:3 |      87 |       0 |   0.0 |      12 |       0 |   0.0
            +---------+---------+-------+---------+---------+-------
